 Dungeon Crawl Stone Soup version 0.21.1-1-g345015f (webtiles) character file.

431 Mirai the Thaumaturge (level 6, 0/32 HPs)
             Began as a Deep Elf Conjurer on Apr 17, 2018.
             Slain by Edmund
             ... wielding a +6 flail of protection
              (12 damage)
             ... on level 4 of the Dungeon.
             The game lasted 00:08:05 (3279 turns).

Mirai the Thaumaturge (Deep Elf Conjurer)           Turns: 3279, Time: 00:08:06

Health: 0/32       AC:  3    Str:  2 (5)  XL:     6   Next: 66%
Magic:  10/19      EV: 13    Int: 21 (22) God:
Gold:   212        SH:  0    Dex: 14 (15) Spells: 10/21 levels left

rFire    . . .     SeeInvis .   f - +1 dagger
rCold    . . .     Gourm    .   (no shield)
rNeg     . . .     Faith    .   a - +1 robe
rPois    .         Spirit   .   (no helmet)
rElec    .         Reflect  .   (no cloak)
rCorr    .         Harm     .   (no gloves)
MR       .....                  (no boots)
Stlth    ++........             (no amulet)
HPRegen  0.10/turn              (no ring)
MPRegen  0.16/turn              (no ring)

@: very slightly contaminated
A: no striking features
a: no special abilities


You were on level 4 of the Dungeon.
You were not hungry.

You visited 1 branch of the dungeon, and saw 4 of its levels.

You collected 212 gold pieces.

Inventory:

Hand Weapons
 f - a +1 dagger (weapon)
Armour
 a - a +1 robe (worn)
Scrolls
 e - a scroll of immolation
 g - 2 scrolls of remove curse
 k - 2 scrolls of enchant armour
 m - 2 scrolls of identify
Potions
 h - a potion of lignification
 r - a potion of flight
Books
 b - a book of Conjurations

   Spells                             Type                      Level
   a - Magic Dart                     Conjuration                  1
   b - Searing Ray                    Conjuration                  2
   c - Dazzling Spray                 Conjuration/Hexes            3
   d - Fulminant Prism                Conjuration/Hexes            4
   e - Force Lance                    Conjuration/Translocation    4
   f - Iskenderun's Mystic Blast      Conjuration                  4
Comestibles
 c - 6 rations
 d - a chunk of flesh


   Skills:
 - Level 2.4 Dodging
 - Level 2.4 Stealth
 * Level 8.1 Spellcasting
 + Level 6.2 Conjurations


You had 10 spell levels left.
You knew the following spells:

 Your Spells              Type           Power        Failure   Level  Hunger
a - Magic Dart            Conj           ####         1%          1    None
b - Searing Ray           Conj           ####..       1%          2    None
c - Iskenderun's Mystic   Conj           ####....     6%          4    ###....
d - Fulminant Prism       Conj/Hex       ###.......   22%         4    ###....


Dungeon Overview and Level Annotations

Branches:
Dungeon (4/15)
 Temple: D:4-7

Altars:
Kikubaaqudgha
Trog
Zin

Annotations:
D:4 Edmund


Message History

Aiming: Searing Ray
Press: ? - help, Shift-Dir - straight line, f/p - Edmund
Aim: Edmund, wielding a flail of protection and wearing a ring mail (moderately wounded)
The searing ray hits Edmund.
Edmund is moderately wounded. (Press . to maintain the ray.) Edmund misses you.
The searing ray hits Edmund.
Edmund is moderately wounded.
The searing ray hits Edmund.
Edmund is moderately wounded.
Edmund hits you with a flail of protection.
The searing ray hits Edmund.
Edmund is heavily wounded.
You finish channeling your searing ray.
Edmund hits you with a flail of protection!
Unknown command.
There is a stone staircase leading up here.
Edmund hits you with a flail of protection!
You die...

#... .##.##.
#..##....... .#
#a.......... ...
#....#..#.## ....
#.#..##...#
.....##.##......#
..................
.....##@####....##
........@###....#
..................
....#.#####.#...#.
... #. ...... ##
#. .##.. . .. . #


You could see Edmund and a worker ant (wandering).

Vanquished Creatures
  Sigmund (D:3)
  An ogre (D:3)
  A hound (D:4)
  7 adders
  A worm (D:1)
  4 dart slugs
  2 leopard geckos
  2 orcs (D:3)
  5 giant cockroaches
  10 goblins
  12 hobgoblins
  6 jackals
  4 bats
  3 frilled lizards
  11 kobolds
  7 rats
77 creatures vanquished.

Notes
Turn   | Place    | Note
-------+----------+-------------------------------------------
     0 | D:1      | Mirai the Deep Elf Conjurer began the quest for the Orb.
     0 | D:1      | Reached XP level 1. HP: 10/10 MP: 6/6
   444 | D:1      | Reached XP level 2. HP: 6/15 MP: 0/8
   683 | D:1      | Learned a level 2 spell: Searing Ray
   730 | D:1      | Reached skill level 4 in Spellcasting
  1047 | D:1      | Reached XP level 3. HP: 18/19 MP: 6/10
  1529 | D:2      | Reached skill level 5 in Spellcasting
  1529 | D:2      | Reached skill level 5 in Conjurations
  1639 | D:2      | Reached XP level 4. HP: 24/24 MP: 10/13
  2015 | D:2      | Found a bloodstained altar of Trog.
  2178 | D:2      | Found a glowing silver altar of Zin.
  2179 | D:2      | Found an ancient bone altar of Kikubaaqudgha.
  2269 | D:3      | Learned a level 4 spell: Iskenderun's Mystic Blast
  2274 | D:3      | Learned a level 4 spell: Fulminant Prism
  2510 | D:3      | Noticed Sigmund
  2701 | D:3      | Reached skill level 6 in Spellcasting
  2771 | D:3      | Noticed an ogre
  2777 | D:3      | Killed an ogre
  2777 | D:3      | Reached XP level 5. HP: 28/28 MP: 8/16
  2949 | D:3      | Killed Sigmund
  2949 | D:3      | Reached skill level 7 in Spellcasting
  2949 | D:3      | Reached XP level 6. HP: 18/32 MP: 4/18
  3204 | D:4      | Noticed Edmund
  3209 | D:4      | Reached skill level 8 in Spellcasting
  3279 | D:4      | Slain by Edmund

Skill      XL: |  1  2  3  4  5  6 |
---------------+-------------------+-----
Spellcasting   | 4 5 6 7 8 |  8.1
Conjurations   | 5 6 |  6.2
Dodging        | |  2.4
Stealth        | |  2.4

Action                   |  1- 3 |  4- 6 || total
-------------------------+-------+-------++-------
Melee: Unarmed           |     7 |       ||     7
       Dagger            |    34 |     7 ||    41
 Cast: Magic Dart        |    85 |    55 ||   140
       Searing Ray       |     1 |    11 ||    12
       Iskenderun's Myst |       |     3 ||     3
  Use: Potion            |     2 |     7 ||     9
       Scroll            |       |     9 ||     9
  Eat: Chunk             |     2 |     5 ||     7
Armor: Robe              |    24 |     3 ||    27
       Skin              |    24 |       ||    24
Dodge: Dodged            |    70 |    22 ||    92
